 Dungeon Crawl Stone Soup version 0.31-a0-859-g9dce7d3444 (webtiles) character file.

Game seed: 13283029272111154717

2003 Descartes the Basher (level 9, -4/68 HPs)
             Began as a Formicid Fighter on Oct 10, 2023.
             Slain by a wight
             ... wielding a +3 trident
              (10 damage)
             ... on level 7 of the Dungeon.
             The game lasted 00:11:14 (5982 turns).

Descartes the Basher (Formicid Fighter)             Turns: 5982, Time: 00:11:15

Health: -4/68      AC: 12    Str: 26    XL:     9   Next: 45%
Magic:  9/9        EV: 11    Int:  9    God:
Gold:   339        SH: 13    Dex:  8    Spells: 8/8 levels left

rFire   . . .        C - +1 hammer of Arrival {venom, Will+ rCorr Int+2}
rCold   . . .        E - +0 tower shield
rNeg    + + +        J - +0 chain mail
rPois   .            (helmet unavailable)
rElec   +            B - +1 cloak {Will+}
rCorr   +            (no gloves)
SInv    +            (no boots)
Will    +++..        (no amulet) Stlth
                     I - +5 ring of evasion
HPRegen 0.31/turn    c - ring of Anarchy {rElec rN+++ Will+ Dex-5 SInv}
MPRegen 0.11/turn

%: no passive effects
@: no status effects
A: permanent stasis, dig shafts and tunnels, antennae 3, four strong arms
a: Dig, Shaft Self


You were on level 7 of the Dungeon.
You visited 2 branches of the dungeon, and saw 8 of its levels.
You also visited: Ossuary.

You collected 339 gold pieces.

Inventory:

Hand Weapons
 a - a +1 war axe
 r - a +4 quarterstaff of chaos
 C - the +1 hammer of Arrival (weapon) {venom, Will+ rCorr Int+2}
   (You found it on level 5 of the Dungeon)

   Int+2:     It affects your intelligence (+2).
   Will+:     It increases your willpower.
   rCorr:     It protects you from acid and corrosion.
Missiles
 h - 18 poisoned darts
 s - 11 boomerangs
Armour
 B - a +1 cloak of willpower (worn)
 E - a +0 tower shield (worn)
 J - a +0 chain mail (worn)
Jewellery
 c - the ring of Anarchy (right hand) {rElec rN+++ Will+ Dex-5 SInv}
   (You acquired it on level 7 of the Dungeon)

   [ring of willpower]

   Dex-5:     It affects your dexterity (-5).
   rElec:     It insulates you from electricity.
   rN+++:     It renders you almost immune to negative energy.
   Will+:     It increases your willpower.
   SInv:      It lets you see invisible.
 F - a ring of wizardry
 I - a +5 ring of evasion (left hand)
Wands
 b - a wand of polymorph (9)
 p - a wand of paralysis (14)
Scrolls
 e - 3 scrolls of teleportation
 g - a scroll of amnesia
 l - a scroll of noise
 u - a scroll of enchant weapon
 w - a scroll of blinking
 x - 4 scrolls of immolation
Potions
 d - 3 potions of might
 f - 3 potions of brilliance {unknown}
 i - a potion of ambrosia {unknown}
 j - 3 potions of degeneration {unknown}
 k - 4 potions of heal wounds
 m - 3 potions of curing
 n - 3 potions of mutation {unknown}
 o - a potion of berserk rage {unknown}
 q - 2 potions of attraction {unknown}
 v - a potion of haste {unknown}
 z - a potion of resistance {unknown}
 G - a potion of magic {unknown}
 H - 2 potions of enlightenment {unknown}


   Skills:
 - Level 5.0 Fighting
 - Level 4.7(7.1) Axes
 + Level 8.3(8.9) Maces & Flails
 - Level 5.8 Armour
 - Level 6.9 Shields


You had 8 spell levels left.
You didn't know any spells.
Your spell library contained the following spells:

 Spells                   Type           Power      Damage    Failure   Level
 Lesser Beckoning         Tloc           0%         N/A       100%        2
 Gell's Gravitas          Tloc           0%         N/A       100%        3
 Ozocubu's Armour         Ice            0%         N/A       100%        3
 Teleport Other           Tloc           0%         N/A       100%        3
 Metabolic Englaciation   Hex/Ice        0%         N/A       100%        5
 Simulacrum               Ice/Necr       0%         N/A       100%        6


Dungeon Overview and Level Annotations

Branches:
Dungeon (7/15)             Temple (1/1) D:5         Ossuary (visited)

Altars:
Ashenzari
Cheibriados
Elyvilon
Hepliaklqana
Kikubaaqudgha
Makhleb
Nemelex Xobeh
Okawaru
Qazlal
Sif Muna
Trog
Uskayaw
Vehumet
Wu Jian
Xom
Yredelemnul
Zin
The Shining One

Shops:
D:6 *


Innate Abilities, Weirdness & Mutations

You cannot be hasted, slowed, berserked, paralysed or teleported.
You can dig through walls and to a lower floor.
You have a pair of large antennae on your head. (SInv)
Your four strong arms can wield two-handed weapons with a shield.


Message History

The wight hits you with a +2 morningstar.
The wight closely misses you. You block the wight's attack. x2
The wight hits you with a +3 trident.
The wight hits you with a +2 morningstar!
The sky beast hits you but does no damage.
The sky beast attacks as it pursues you!
The sky beast hits you. The sky beast shocks you. You resist.
* * * LOW HITPOINT WARNING * * *
The wight hits you from afar with a +3 trident.
* * * LOW HITPOINT WARNING * * *
You block the sky beast's attack. The wight attacks as it pursues you!
The wight hits you with a +3 flail.
* * * LOW HITPOINT WARNING * * *
The wight attacks as it pursues you! The wight hits you with a +3 flail!
* * * LOW HITPOINT WARNING * * *
There is an empty arch of ancient stone, spattered with blood here.
The wight attacks as it pursues you! The wight hits you but does no damage.
It was a potion of heal wounds.
You feel much better. The wight hits you but does no damage.
You block the wight's attack.
You barely miss the wight. You block the wight's attack.
The wight hits you from afar with a +3 trident.
You hit the wight.
The wight is lightly damaged.
You block the wight's attack.
The wight hits you from afar with a +3 trident!
* * * LOW HITPOINT WARNING * * *
The sky beast flickers out of sight for a moment.
You barely miss the wight.
The wight is lightly damaged.
You block the wight's attack.
The wight hits you from afar with a +3 trident!
* * * LOW HITPOINT WARNING * * *
You block the wight's attack.
You hit the wight.
The wight is moderately damaged.
You block the wight's attack. x2
You closely miss the wight.
The wight is lightly damaged.
The wight hits you from afar with a +3 trident!
You die...

*,,,,,,,#..#..#******,*,.........
*,8,,,8,#.....# ***,.......##
**,,,,,##.....# *,,,{.######<
,***,###......# *,,,..#......
,,,,,#........# ###*,,{..#......
,,,,,#........# ##8##,,,..#....))
****'#........# #...#,,,..#...##.
,.........#...###...########'###.
,.........#..zzz@...#............
,.........+..Y###...#.........##.
,.........#...# #...#.........##+
,........?#...# ##8####..#######.
*##..!..###...# ######..##...##.
,,#.....#.....# #......!..#,,
,,*,,,,,#.....# #.........#,.
,,+,,,,,#.....# #.........#..
***,,,,,#+#...##### ######.......


You could see a sky beast (invisible) and 3 wights.

Vanquished Creatures
  3 water moccasins
  An ice beast (D:5)
  2 black bears
  2 ogres
  A centaur (D:6)
  2 phantoms
  An elf zombie (Ossuary)
  A kobold brigand (D:6)
  A bullfrog (D:6)
  A scorpion (D:4)
  A howler monkey (D:4)
  A centaur zombie (Ossuary)
  2 gnoll boudas
  A human zombie (Ossuary)
  2 orc priests (D:5)
  Crazy Yiuf (D:5)
  Ijyb (D:4)
  3 iguanas
  2 orc wizards
  2 mummies (Ossuary)
  9 gnolls
  9 adders
  3 white imps
  An adder zombie (Ossuary)
  2 worms
  4 dart slugs
  20 orcs
  11 ball pythons
  4 bats
  7 endoplasms
  2 giant cockroaches
  10 goblins
  3 hobgoblins
  4 jackals (D:5)
  9 kobolds
  6 quokkas
  5 frilled lizards
  2 goblin zombies (Ossuary)
  10 hobgoblin zombies (Ossuary)
  3 jackal zombies (Ossuary)
  8 kobold zombies (Ossuary)
  7 orc zombies (Ossuary)
  5 rats
  2 rat zombies (Ossuary)
177 creatures vanquished.

Notes
Turn   | Place    | Note
-------+----------+-------------------------------------------
     0 | D:1      | Descartes the Formicid Fighter began the quest for the Orb.
     0 | D:1      | Reached XP level 1. HP: 18/18 MP: 1/1
    85 | D:1      | Found a faded altar of an unknown god.
    92 | D:1      | Reached XP level 2. HP: 24/24 MP: 2/2
   236 | D:1      | Reached XP level 3. HP: 29/29 MP: 3/3
   809 | D:2      | Reached XP level 4. HP: 32/37 MP: 4/4
  1489 | D:3      | Reached XP level 5. HP: 37/42 MP: 5/5
  1830 | D:4      | Reached skill level 5 in Shields
  1965 | D:4      | Noticed Ijyb
  1989 | D:4      | Killed Ijyb
  1990 | D:4      | Reached XP level 6. HP: 38/47 MP: 6/6
  2023 | D:4      | Noticed an ogre
  2031 | D:4      | Killed an ogre
  2465 | D:4      | Reached XP level 7. HP: 38/55 MP: 7/7
  2542 | D:4      | Reached skill level 5 in Fighting
  2542 | D:4      | Reached skill level 5 in Armour
  2781 | D:5      | Entered Level 5 of the Dungeon
  2805 | D:5      | Found a staircase to the Ecumenical Temple.
  2815 | Temple   | Entered the Ecumenical Temple
  3032 | D:5      | Found a runed translucent door.
  3033 | D:5      | Noticed Crazy Yiuf
  3042 | D:5      | Killed Crazy Yiuf
  3043 | D:5      | Reached XP level 8. HP: 29/62 MP: 8/8
  3047 | D:5      | Identified the +1 hammer of Arrival {venom, Will+ rCorr
                  | Int+2}
  3259 | D:5      | HP: 2/62 [water moccasin (3)]
  3262 | D:5      | Reached skill level 2 in Maces & Flails
  3577 | D:5      | Reached skill level 3 in Maces & Flails
  3760 | D:5      | Reached skill level 4 in Maces & Flails
  4769 | D:5      | Reached skill level 5 in Maces & Flails
  5233 | D:6      | Reached skill level 6 in Maces & Flails
  5233 | D:6      | Reached XP level 9. HP: 66/68 MP: 9/9
  5295 | D:6      | Found Vaner's General Store.
  5320 | D:6      | Reached skill level 7 in Maces & Flails
  5460 | D:6      | Found a sparkling altar of Nemelex Xobeh.
  5469 | D:6      | Found a snail-covered altar of Cheibriados.
  5575 | D:7      | Identified a scroll of acquirement
  5577 | D:7      | Acquired the ring of Anarchy {rElec rN+++ Will+ Dex-5 SInv}
  5640 | D:7      | Found a sand-covered staircase.
  5647 | Ossuary  | Entered an ossuary
  5811 | Ossuary  | Reached skill level 8 in Maces & Flails
  5982 | D:7      | Slain by a wight

Illustrated notes

Levels and vault maps discovered:
D:1:      lightli_arrival_boilingwater, layout_rooms,
          hellmonk_ecumenical_altar_heavens_door
D:2:      layout_rooms, minmay_misc_feat_doors
D:3:      layout_basic
D:4:      minmay_bubble_buster, layout_cave_pools, uniq_ijyb
D:5:      layout_cave_pods, minmay_temple_entry_slanted, gup_sewer_entry_glass,
          supply_closet_lemuel, uniq_crazy_yiuf_cottage
D:6:      layout_basic, mainiacjoe_overflow_swirl, serial_shops, shop
D:7:      layout_gridville, grunt_gozag_statues, chequers_ossuary_entry_cave
Temple:   kb_temple_of_zot

Skill      XL: |  1  2  3  4  5  6  7  8  9 |
---------------+----------------------------+-----
Fighting       | 4 5 |  5.0
Armour         | 4 5 |  5.8
Axes           | 3 4 |  4.7
Shields        | 5 6 |  6.9
Maces & Flails | 6 8 |  8.3

Action                     |  1- 3 |  4- 6 |  7- 9 || total
---------------------------+-------+-------+-------++-------
  Melee: War axe           |   104 |   121 |    75 ||   300
         Mace              |       |       |   335 ||   335
Ability: Dig               |       |     1 |     2 ||     3
    Use: Potion            |       |       |     2 ||     2
         Scroll            |       |       |    10 ||    10
 Armour: Scale mail        |    69 |    77 |   143 ||   289
         Chain mail        |       |       |   108 ||   108
  Dodge: Dodged            |    61 |    58 |   192 ||   311
  Block: Buckler           |    38 |    32 |    42 ||   112
         Tower shield      |       |       |   228 ||   228

Table legend: (Time is in decaauts)
 A = Elapsed time spent in this place.
 B = Non-inter-level travel time spent in this place.
 C = Inter-level travel time spent in this place.
 D = Time resting spent in this place.
 E = Time spent auto-exploring this place.
 F = Levels seen in this place.
 G = Mean time per level.
                   A        B        C        D        E       F      G
               +--------+--------+--------+--------+--------+-----+--------+
         Total |   6175 |   6060 |    115 |      8 |   4547 |   9 |  686.1 |
       Dungeon |   5844 |   5730 |    114 |      8 |   4430 |   7 |  834.9 |
        Temple |      3 |      2 |      1 |      0 |      0 |   1 |    3.0 |
       Ossuary |    327 |    327 |      0 |      0 |    117 |   1 |  327.0 |
               +--------+--------+--------+--------+--------+-----+--------+

Top non-repeatable levels by time:
     D:5: 2154 daAuts
     D:4: 1054 daAuts
     D:6: 679 daAuts
     D:3: 675 daAuts
     D:1: 599 daAuts
     D:2: 558 daAuts
 Ossuary: 327 daAuts
     D:7: 123 daAuts
  Temple: 3 daAuts
